 Dungeon Crawl Stone Soup version 0.27.0-1-g7a089689b8 (webtiles) character file.

Game seed: 1130146800702250784

20 shakesphere1979 the Stinger (level 2, -3/15 HPs)
             Began as a Tengu Venom Mage on Aug 3, 2021.
             Slain by an orc (5 damage)
             ... on level 3 of the Dungeon.
             The game lasted 00:05:20 (1543 turns).

shakesphere1979 the Stinger (Tengu Venom Mage)      Turns: 1543, Time: 00:05:21

Health: -3/15      AC:  2    Str:  8    XL:     2   Next: 79%
Magic:  3/6        EV: 12    Int: 15    God:
Gold:   96         SH:  0    Dex: 14    Spells: 4/5 levels left

rFire    . . .     SeeInvis .   e - +0 short sword
rCold    . . .     Faith    .   (no shield)
rNeg     . . .     Spirit   .   a - +0 robe
rPois    .         Reflect  .   (helmet restricted)
rElec    .         Harm     .   (no cloak)
rCorr    .         Rampage  .   (no gloves)
Will     .....                  (boots unavailable)
Stlth    ++........             (no amulet)
HPRegen  0.05/turn              (no ring)
MPRegen  0.10/turn              (no ring)

@: no status effects
A: beak, talons 3
a: no special abilities


You were on level 3 of the Dungeon.
You visited 1 branch of the dungeon, and saw 3 of its levels.

You collected 96 gold pieces.

Inventory:

Hand Weapons
 e - a +0 short sword (weapon)
Missiles
 d - 9 poisoned darts
 i - 32 stones
 j - 40 arrows
Armour
 a - a +0 robe (worn)
Scrolls
 f - a scroll of noise {unknown}
 g - a scroll of vulnerability {unknown}
 h - a scroll of immolation {unknown}
 k - 2 scrolls of identify {unknown}
 l - a scroll of fear {unknown}
 m - a scroll of magic mapping {unknown}
 p - 3 scrolls of fog {unknown}
Potions
 b - a potion of cancellation {unknown}
 c - a potion of heal wounds {unknown}
 n - a potion of curing {unknown}
 o - a potion of invisibility {unknown}


   Skills:
 + Level 2.5 Dodging
 + Level 2.3 Stealth
 + Level 2.2 Spellcasting
 + Level 1.1 Transmutations
 + Level 3.2 Poison Magic


You had 4 spell levels left.
You knew the following spells:

 Your Spells              Type           Power      Damage    Failure   Level
a - Sting                 Tmut/Pois      32%        1d4       9%          1

Your spell library contained the following spells:

 Spells                   Type           Power      Damage    Failure   Level
 Poisonous Vapours        Pois/Air       12%        N/A       17%         2
 Mephitic Cloud           Conj/Pois/Air  4%         N/A       38%         3
 Olgreb's Toxic Radiance  Pois           11%        N/A       50%         4
 Tukima's Dance           Hex            1%         N/A       54%         3
 Passage of Golubria      Tloc           N/A        N/A       91%         4
 Yara's Violent Unravell  Hex/Tmut       1%         3d3       99%         5


Dungeon Overview and Level Annotations

Branches:
Dungeon (3/15)

Altars:
Qazlal


Innate Abilities, Weirdness & Mutations

You have a beak for a mouth.
You have claws for feet.


Message History

The orc is severely wounded.
The orc hits you with a +0 club.
You closely miss the orc.
The orc is severely wounded.
You kill the orc!
The orc hits you with a +0 flail.
Items here: ) / [ †.
Casting: Sting (safe; 9% risk of failure)
Confirm with . or Enter, or press ? or * to list all spells.
Aiming: Sting (safe; 9% risk of failure)
Press: ? - help, Shift-Dir - straight line, f - orc
Aim: an orc, wielding a +0 flail (68% to hit)
The sting hits the orc.
The orc is poisoned.
The orc is moderately wounded.
The orc closely misses you.
You closely miss the orc.
The orc is heavily wounded.
The orc barely misses you.
You barely miss the orc. You claw the orc.
You kill the orc!
You hit the orc but do no damage. Your kick misses the orc.
You peck the orc, but do no damage. The orc hits you with a +0 whip.
Casting: Sting (safe; 9% risk of failure)
Confirm with . or Enter, or press ? or * to list all spells.
Aiming: Sting (safe; 9% risk of failure)
Press: ? - help, Shift-Dir - straight line, f - orc
Aim: an orc, wielding a +0 whip and wearing a +0 chain mail (77% to hit)
The sting hits the orc but does no damage.
The orc is poisoned.
The orc closely misses you.
You hit the orc but do no damage. You peck the orc, but do no damage.
The orc is moderately wounded.
The orc barely misses you.
You hit the orc but do no damage. You claw the orc.
The orc is heavily wounded.
The orc hits you with a +0 whip.
* * * LOW HITPOINT WARNING * * *
You barely miss the orc. Your kick misses the orc. Your peck misses the orc.
The orc is heavily wounded.
The orc hits you with a +0 whip.
You die...

#. # #.# .# #.#
#'## #.# #...#
#.# #..... ##.##
#......
##...####.......
#.....@oo.......
##...####.......
##.## #......
#.# #..... #.#
#...# ###.# #+##
#...# #.###
#####.####


You could see 2 orcs.

Vanquished Creatures
  2 orcs (D:3)
  3 ball pythons
  2 endoplasms (D:1)
  A giant cockroach (D:1)
  2 hobgoblins (D:2)
  A quokka (D:2)
  2 kobolds
  5 rats
18 creatures vanquished.

Notes
Turn   | Place    | Note
-------+----------+-------------------------------------------
     0 | D:1      | shakesphere1979 the Tengu Venom Mage began the quest for
                  | the Orb.
     0 | D:1      | Reached XP level 1. HP: 10/10 MP: 4/4
   267 | D:1      | Found a faded altar of an unknown god.
   442 | D:1      | Reached skill level 1 in Transmutations
   442 | D:1      | Reached XP level 2. HP: 15/15 MP: 6/6
   788 | D:2      | Found a stormy altar of Qazlal.
  1543 | D:3      | Slain by an orc

Illustrated notes

Levels and vault maps discovered:
D:1:      psy_arrival_statuary, layout_rooms, ebering_ecumenical_altar_abandoned
D:2:      layout_loops_cross, basic_altar
D:3:      layout_loops_corners, nicolae_tso_besieged_by_evil

Skill      XL: |  1 |
---------------+----+-----
Transmutations | 1 |  1.1
Dodging        | |  2.5
Stealth        | |  2.3
Spellcasting   | |  2.2
Poison Magic   | |  3.2

Action                   || total
-------------------------++-------
Melee: Short sword       ||    41
       Kick              ||    13
       Peck              ||     5
 Cast: Sting             ||    14
 Stab: Sleeping          ||     4
Armor: Robe              ||     9
Dodge: Dodged            ||    29
